 Dungeon Crawl Stone Soup version 0.29.0-4-gdea44cf6ec (webtiles) character file.

Game seed: 1508125912454295427

2519 qw the Cleaver (level 9, -1/79 HPs)
             Began as a Minotaur Berserker on Sept 4, 2022.
             Was a Priest of Trog.
             Slain by a rust devil (10 damage)
             ... on level 6 of the Dungeon.
             The game lasted 00:02:22 (7214 turns).

qw the Cleaver (Minotaur Berserker)                 Turns: 7214, Time: 00:02:23

Health: -1/79      AC: -28   Str: 26    XL:     9   Next: 29%
Magic:  18/18      EV:  9    Int:  9    God:    Trog [***...]
Gold:   494        SH:  0    Dex: 10    Spells: 8/8 levels left

rFire   . . .      SeeInvis +   Y - +0 war axe
rCold   . . .      Faith    .   (no shield)
rNeg    . . .      Spirit   .   q - +0 chain mail
rPois   .          Reflect  .   a - +3 hat of Pondering {ponderous, Will+ MP+10 Int+5}
rElec   .          Harm     .   o - +0 cloak
rCorr   .          Rampage  .   m - +0 pair of gloves
Will    +....                   (no boots)
Stlth   ..........              d - amulet of regeneration
HPRegen 1.03/turn               l - ring of see invisible
MPRegen 0.16/turn               (no ring)

@: about to teleport, corroded, on berserk cooldown, slowed, very slow
A: horns 2, retaliatory headbutt
a: Renounce Religion, Berserk, Trog's Hand


You were on level 6 of the Dungeon.
You worshipped Trog.
Trog was most pleased with you.
You visited 1 branch of the dungeon, and saw 7 of its levels.

You collected 494 gold pieces.


Innate Abilities, Weirdness & Mutations

You have a pair of horns on your head.
You reflexively headbutt those who attack you in melee.


   Skills:
 - Level 7.0 Fighting
 - Level 13.1 Axes
 + Level 2.0 Throwing
 - Level 5.1 Armour
 - Level 2.1 Dodging


You had 8 spell levels left.
You didn't know any spells.
Your spell library was empty.

Inventory:

Hand Weapons
 b - a +0 flail
 Y - a +0 war axe (weapon)
Missiles
 h - 5 boomerangs
 r - 2 javelins (quivered)
Armour
 a - the +3 hat of Pondering (worn) {ponderous, Will+ MP+10 Int+5}
   (You acquired it on level 1 of the Dungeon)

   Int:       It affects your intelligence (+5).
   MP:        It affects your magic capacity (+10).
   Will:      It increases your willpower.
 m - a +0 pair of gloves (worn)
 o - a +0 cloak (worn)
 q - a +0 chain mail (worn)
Jewellery
 d - an amulet of regeneration (around neck)
 k - a ring of ice
 l - a ring of see invisible (left hand)
Scrolls
 c - a scroll of teleportation
 g - 4 scrolls of identify
Potions
 e - 3 potions of might
 f - a potion of heal wounds
 j - a potion of haste
 p - 2 potions of curing

Dungeon Overview and Level Annotations

Branches:
Dungeon (7/15)             Temple (0/1) D:5

Altars:
Ashenzari
Fedhas
Hepliaklqana
Nemelex Xobeh
Okawaru
Sif Muna
Uskayaw
Xom
Yredelemnul
The Shining One

Shops:
D:7 :

Annotations:
D:7 1 runed translucent door, Crazy Yiuf


Message History

You hit the rust devil but do no damage.
The rust devil closely misses you. You furiously retaliate!
You headbutt the rust devil, but do no damage.
The rust devil hits you! The rust devil corrodes you!
You slash the rust devil!
The rust devil is severely wounded.
You hit the rust devil but do no damage.
The rust devil hits you! The rust devil corrodes you! The rust devil hits you.
The rust devil corrodes you!
You hit the rust devil but do no damage.
You headbutt the rust devil, but do no damage.
The rust devil is severely wounded.
You hit the rust devil but do no damage.
You hit the rust devil but do no damage.
The rust devil is severely wounded.
You barely miss the rust devil. The rust devil hits you!
The rust devil corrodes you! The rust devil hits you.
The rust devil corrodes you!
You hit the rust devil but do no damage.
Your headbutt misses the rust devil.
The rust devil is severely wounded.
You hit the rust devil but do no damage.
You closely miss the rust devil. Your headbutt misses the rust devil.
The rust devil is severely wounded.
You hit the rust devil but do no damage.
The rust devil closely misses you. The rust devil hits you.
The rust devil corrodes you!
You hit the rust devil but do no damage.
Your headbutt misses the rust devil.
The rust devil is severely wounded.
You hit the rust devil.
You are no longer berserk.
You are exhausted.
You feel yourself slow down.
7214 ||| READING 2 scrolls of teleportation.
As you read the scroll of teleportation, it crumbles to dust.
You feel strangely unstable. The rust devil barely misses you.
The rust devil hits you! The rust devil corrodes you! The rust devil hits you!
You die...

##.<....## ######.........
##........## ###....#.........
#..........# ###................
#..........###...###............
#[.........##..### ###...###.###
#...........#.##)#+#)##.........
#.............#7.....7#...##.###
##........##.##44.....##..##...#
##.........))#>@).8...\#.#####.#
#..........#)##)......##.#####.#
#..........#..#7.....7#..##.....
#..........##.##)#+#)##..##.....
#...........#..### ###...##.....
#..........).....###......#.....
##........###..#.....##.#.####.#
##......## ##.###...##.#...##..
######## #.# ##.###.###.####


You could see 2 rust devils.

Vanquished Creatures
  Prince Ribbit (D:5)
  Eustachio (D:5)
  Pargi (D:4)
  2 orc warriors (D:6)
  Duvessa (D:5)
  An ice beast (D:7)
  A sky beast (D:7)
  2 black bears
  A centaur (D:5)
  A kobold brigand (D:6)
  2 necrophages
  2 scorpions
  4 wights (D:6)
  Dowan (D:5)
  A killer bee (D:7)
  4 hounds
  3 jellies
  2 orc priests
  Terence (D:3)
  Ijyb (D:5)
  3 orc wizards
  4 iguanas
  Robin (D:3)
  10 gnolls
  7 adders
  A shadow imp (D:7)
  A white imp (D:5)
  A worm (D:4)
  A dart slug (D:1)
  6 orcs
  2 bats
  7 endoplasms
  4 giant cockroaches
  12 hobgoblins
  9 jackals
  11 kobolds
  6 quokkas
  6 ball pythons
  4 frilled lizards
  15 goblins
  7 rats
151 creatures vanquished.

Notes
Turn   | Place    | Note
-------+----------+-------------------------------------------
     0 | D:1      | qw the Minotaur Berserker began the quest for the Orb.
     0 | D:1      | Reached XP level 1. HP: 19/19 MP: 0/0
     0 | D:1      | 0 ||| qw: Version: 0.1-a-103-gd6f5d3a
     0 | D:1      | 0 ||| qw: Game counter: 5768
     0 | D:1      | 0 ||| qw: Always use a shield: true
     0 | D:1      | 0 ||| qw: Do Orc after D:15 true
     0 | D:1      | 0 ||| qw: Do second Lair branch before Depths: true
     0 | D:1      | 0 ||| qw: Lair rune preference: random
     0 | D:1      | 0 ||| qw: Plans: Normal
     0 | D:1      | 0 ||| PLANNING D:1-11
    59 | D:1      | 59 ||| Stepping ~*~*~tactically~*~*~ (hiding).
    69 | D:1      | Reached skill level 4 in Axes
   116 | D:1      | Reached XP level 2. HP: 24/26 MP: 1/1
   202 | D:1      | 202 ||| Stepping ~*~*~tactically~*~*~ (stealth).
   205 | D:1      | 205 ||| Stepping ~*~*~tactically~*~*~ (stealth).
   236 | D:1      | 236 ||| Stepping ~*~*~tactically~*~*~ (stealth).
   238 | D:1      | 238 ||| Stepping ~*~*~tactically~*~*~ (stealth).
   692 | D:1      | 692 ||| UPGRADING to +0 leather armour.
   702 | D:1      | 702 ||| DROPPING +0 animal skin.
   703 | D:1      | 703 ||| UPGRADING to +0 ring mail.
   713 | D:1      | 713 ||| DROPPING +0 leather armour.
   714 | D:1      | 714 ||| READING scroll labelled MYMU NOSHREA.
   715 | D:1      | 715 ||| READING scroll labelled ONWIZIANEU.
   715 | D:1      | Identified a scroll of acquirement
   715 | D:1      | 715 ||| ACQUIRING +3 hat of Pondering {ponderous, Will+
                  | MP+10 Int+5}
   715 | D:1      | Acquired the +3 hat of Pondering {ponderous, Will+ MP+10
                  | Int+5}
   715 | D:1      | Found the +3 hat of Pondering {ponderous, Will+ MP+10
                  | Int+5}
   717 | D:1      | 717 ||| UPGRADING to +3 hat of Pondering {ponderous, Will+
                  | MP+10 Int+5}.
   806 | D:1      | 806 ||| READING scroll labelled RAJ ALUGGAUPT.
  1023 | D:2      | Reached skill level 5 in Axes
  1036 | D:2      | 1036 ||| Stepping ~*~*~tactically~*~*~ (stealth).
  1037 | D:2      | 1037 ||| Stepping ~*~*~tactically~*~*~ (stealth).
  1042 | D:2      | 1042 ||| Stepping ~*~*~tactically~*~*~ (stealth).
  1047 | D:2      | 1047 ||| FLEEEEING.
  1160 | D:2      | Reached XP level 3. HP: 31/31 MP: 2/2
  1189 | D:2      | Reached ** piety under Trog
  1261 | D:2      | 1261 ||| DROPPING +0 club.
  1342 | D:2      | 1342 ||| Stepping ~*~*~tactically~*~*~ (stealth).
  1430 | D:2      | Reached skill level 1 in Throwing
  1649 | D:2      | 1649 ||| UPGRADING to ring of see invisible.
  1650 | D:2      | 1650 ||| READING scroll labelled YFEOPAA SOIMOU.
  1651 | D:2      | 1651 ||| READING scroll labelled WORRIRI PAOBBI.
  1652 | D:2      | 1652 ||| READING scroll labelled YSILUH PUYMA.
  1653 | D:2      | 1653 ||| DRINKING 2 bubbling puce potions.
  1654 | D:2      | 1654 ||| DRINKING 2 dark potions.
  1655 | D:2      | 1655 ||| DROPPING potion of brilliance.
  1684 | D:3      | You fall into a shaft and drop 3 floors!
  1689 | D:6      | 1689 ||| INVOKING Berserk.
  1693 | D:6      | Reached skill level 6 in Axes
  1693 | D:6      | Reached XP level 4. HP: 39/39 MP: 3/3
  1818 | D:6      | 1818 ||| UPGRADING to amulet of regeneration.
  1823 | D:6      | 1823 ||| READING scroll labelled PEFAYV FIVURAAWN.
  1831 | D:5      | Entered Level 5 of the Dungeon
  1831 | D:5      | Noticed Prince Ribbit
  1833 | D:5      | 1833 ||| INVOKING Berserk.
  1839 | D:5      | Killed Prince Ribbit
  1840 | D:5      | Reached skill level 8 in Axes
  1840 | D:5      | Reached XP level 5. HP: 45/45 MP: 4/4
  1842 | D:5      | Reached XP level 6. HP: 51/51 MP: 5/5
  1896 | D:5      | 1896 ||| DROPPING +0 whip.
  1960 | D:4      | Found a blossoming altar of Fedhas.
  1992 | D:4      | 1992 ||| Stepping ~*~*~tactically~*~*~ (stealth).
  2158 | D:4      | 2158 ||| Stepping ~*~*~tactically~*~*~ (stealth).
  2159 | D:4      | 2159 ||| READING scroll labelled TAANEOVINT.
  2163 | D:4      | 2163 ||| READING 3 scrolls labelled KUNIPLE WICVU.
  2164 | D:4      | 2164 ||| READING 2 scrolls of identify.
  2164 | D:4      | 2164 ||| IDENTIFYING sedimented inky potion
  2193 | D:4      | 2193 ||| Stepping ~*~*~tactically~*~*~ (stealth).
  2278 | D:3      | Noticed Robin
  2279 | D:3      | 2279 ||| Stepping ~*~*~tactically~*~*~ (stealth).
  2279 | D:3      | Found a basalt altar of Yredelemnul.
  2284 | D:3      | 2284 ||| Stepping ~*~*~tactically~*~*~ (hiding).
  2285 | D:3      | 2285 ||| Stepping ~*~*~tactically~*~*~ (hiding).
  2288 | D:3      | 2288 ||| INVOKING Berserk.
  2292 | D:3      | Killed Robin
  2429 | D:3      | Found a shimmering blue altar of Sif Muna.
  2431 | D:3      | 2431 ||| Stepping ~*~*~tactically~*~*~ (stealth).
  2434 | D:3      | 2434 ||| Stepping ~*~*~tactically~*~*~ (stealth).
  2476 | D:3      | 2476 ||| INVOKING Berserk.
  2486 | D:3      | Identified the +1 ring mail of Uckiz {rN+}
  2608 | D:3      | 2608 ||| Stepping ~*~*~tactically~*~*~ (stealth).
  2609 | D:3      | 2609 ||| INVOKING Berserk.
  2620 | D:3      | Reached skill level 9 in Axes
  2755 | D:3      | 2755 ||| Stepping ~*~*~tactically~*~*~ (hiding).
  2756 | D:3      | 2756 ||| Stepping ~*~*~tactically~*~*~ (hiding).
  2758 | D:3      | 2758 ||| Stepping ~*~*~tactically~*~*~ (hiding).
  2759 | D:3      | 2759 ||| Stepping ~*~*~tactically~*~*~ (hiding).
  2761 | D:3      | 2761 ||| Stepping ~*~*~tactically~*~*~ (hiding).
  2812 | D:3      | Found a broken altar of Ashenzari.
  2901 | D:3      | Found a faded altar of an unknown god.
  3067 | D:3      | Noticed Terence
  3070 | D:3      | 3070 ||| INVOKING Berserk.
  3075 | D:3      | Killed Terence
  3266 | D:3      | 3266 ||| UPGRADING to +1 ring mail of Uckiz {rN+}.
  3276 | D:3      | 3276 ||| DROPPING +0 ring mail.
  3277 | D:3      | 3277 ||| DROPPING orb of light.
  3278 | D:3      | 3278 ||| UPGRADING to +0 cloak.
  3283 | D:3      | 3283 ||| UPGRADING to +0 scale mail.
  3293 | D:3      | 3293 ||| DROPPING +1 ring mail of Uckiz {rN+}.
  3294 | D:3      | 3294 ||| UPGRADING to +0 chain mail.
  3304 | D:3      | 3304 ||| DROPPING +0 scale mail.
  3305 | D:3      | 3305 ||| READING scroll labelled VAAPNIAM FULUO.
  3306 | D:3      | 3306 ||| READING scroll of teleportation.
  3409 | D:4      | 3409 ||| INVOKING Berserk.
  3411 | D:4      | Reached XP level 7. HP: 60/60 MP: 6/6
  3416 | D:4      | Reached skill level 3 in Armour
  3559 | D:4      | 3559 ||| Stepping ~*~*~tactically~*~*~ (stealth).
  3561 | D:4      | Noticed Pargi
  3579 | D:4      | Killed Pargi
  3673 | D:4      | 3673 ||| SWAPPING to +0 war axe.
  3674 | D:4      | 3674 ||| DROPPING +1 hand axe.
  3696 | D:4      | 3696 ||| Stepping ~*~*~tactically~*~*~ (stealth).
  4108 | D:4      | 4108 ||| READING 3 scrolls of identify.
  4108 | D:4      | 4108 ||| IDENTIFYING metallic clear potion
  4109 | D:4      | 4109 ||| READING 2 scrolls of identify.
  4109 | D:4      | 4109 ||| IDENTIFYING yellow potion
  4110 | D:4      | 4110 ||| DROPPING potion of lignification.
  4111 | D:4      | 4111 ||| DROPPING potion of invisibility.
  4140 | D:5      | Noticed Eustachio
  4145 | D:5      | 4145 ||| INVOKING Berserk.
  4164 | D:5      | Killed Eustachio
  4165 | D:5      | Reached skill level 10 in Axes
  4298 | D:5      | 4298 ||| Stepping ~*~*~tactically~*~*~ (stealth).
  4299 | D:5      | 4299 ||| Stepping ~*~*~tactically~*~*~ (stealth).
  4301 | D:5      | 4301 ||| Stepping ~*~*~tactically~*~*~ (stealth).
  4302 | D:5      | 4302 ||| Stepping ~*~*~tactically~*~*~ (stealth).
  4303 | D:5      | 4303 ||| Stepping ~*~*~tactically~*~*~ (stealth).
  4305 | D:5      | 4305 ||| Stepping ~*~*~tactically~*~*~ (hiding).
  4306 | D:5      | 4306 ||| Stepping ~*~*~tactically~*~*~ (hiding).
  4433 | D:5      | 4433 ||| Stepping ~*~*~tactically~*~*~ (stealth).
  4435 | D:5      | 4435 ||| Stepping ~*~*~tactically~*~*~ (hiding).
  4437 | D:5      | 4437 ||| Stepping ~*~*~tactically~*~*~ (hiding).
  4438 | D:5      | 4438 ||| Stepping ~*~*~tactically~*~*~ (hiding).
  4439 | D:5      | 4439 ||| Stepping ~*~*~tactically~*~*~ (hiding).
  4444 | D:5      | Reached XP level 8. HP: 70/70 MP: 7/7
  4463 | D:5      | Noticed Dowan
  4464 | D:5      | Noticed Duvessa
  4465 | D:5      | 4465 ||| Stepping ~*~*~tactically~*~*~ (hiding).
  4467 | D:5      | 4467 ||| INVOKING Berserk.
  4470 | D:5      | Noticed Ijyb
  4473 | D:5      | Killed Duvessa
  4474 | D:5      | Reached skill level 6 in Fighting
  4475 | D:5      | Killed Dowan
  4475 | D:5      | Reached *** piety under Trog
  4478 | D:5      | Killed Ijyb
  4485 | D:5      | 4485 ||| FLEEEEING.
  4491 | D:5      | 4491 ||| STAIRDANCE
  4594 | D:4      | 4594 ||| READING scroll labelled MEYDDUUTTU.
  4595 | D:4      | 4595 ||| READING scroll labelled BEROIT RIGHE.
  4596 | D:4      | 4596 ||| READING 2 scrolls of identify.
  4596 | D:4      | 4596 ||| IDENTIFYING green potion
  4597 | D:4      | 4597 ||| DROPPING potion of flight.
  4698 | D:5      | 4698 ||| Stepping ~*~*~tactically~*~*~ (stealth).
  4699 | D:5      | 4699 ||| Stepping ~*~*~tactically~*~*~ (stealth).
  4700 | D:5      | 4700 ||| Stepping ~*~*~tactically~*~*~ (stealth).
  4704 | D:5      | 4704 ||| INVOKING Berserk.
  4830 | D:5      | Found a staircase to the Ecumenical Temple.
  4853 | D:5      | 4853 ||| Stepping ~*~*~tactically~*~*~ (hiding).
  5094 | D:5      | 5094 ||| DROPPING orb of light.
  5095 | D:5      | 5095 ||| READING scroll labelled JIVUNO HUJESUR.
  5096 | D:5      | 5096 ||| READING 3 scrolls of identify.
  5096 | D:5      | 5096 ||| IDENTIFYING coppery potion
  5097 | D:5      | 5097 ||| READING 2 scrolls of identify.
  5097 | D:5      | 5097 ||| IDENTIFYING sedimented amethyst potion
  5098 | D:5      | 5098 ||| DROPPING potion of degeneration.
  5115 | D:6      | Reached skill level 11 in Axes
  5188 | D:6      | 5188 ||| INVOKING Berserk.
  5197 | D:6      | HP: 23/93 [wight/+5 spear (9)]
  5298 | D:6      | 5298 ||| Stepping ~*~*~tactically~*~*~ (hiding).
  5304 | D:6      | 5304 ||| Stepping ~*~*~tactically~*~*~ (hiding).
  5319 | D:6      | Reached skill level 12 in Axes
  5403 | D:6      | Found a hazy altar of Hepliaklqana.
  5412 | D:6      | 5412 ||| INVOKING Berserk.
  5524 | D:6      | Found a hide-covered altar of Uskayaw.
  5524 | D:6      | Found an iron altar of Okawaru.
  5525 | D:6      | Found a sparkling altar of Nemelex Xobeh.
  5528 | D:6      | Found a glowing golden altar of the Shining One.
  5873 | D:6      | 5873 ||| READING 3 scrolls of identify.
  5873 | D:6      | 5873 ||| IDENTIFYING red potion
  5977 | D:7      | Reached XP level 9. HP: 68/79 MP: 8/8
  5990 | D:7      | Found Gyexzes's Book Boutique.
  6043 | D:7      | Found a shimmering altar of Xom.
  6046 | D:7      | 6046 ||| INVOKING Berserk.
  6070 | D:7      | 6070 ||| Stepping ~*~*~tactically~*~*~ (stealth).
  6071 | D:7      | 6071 ||| Stepping ~*~*~tactically~*~*~ (stealth).
  6112 | D:7      | 6112 ||| Stepping ~*~*~tactically~*~*~ (stealth).
  6205 | D:7      | Reached skill level 13 in Axes
  6458 | D:7      | Found a runed translucent door.
  6459 | D:7      | Noticed Crazy Yiuf
  6770 | D:7      | 6770 ||| UPGRADING to +0 pair of gloves.
  6775 | D:7      | 6775 ||| READING scroll labelled ZALIMA OSED.
  6876 | D:7      | 6876 ||| READING scroll labelled RAVOSSA ASIOSH.
  7016 | D:6      | 7016 ||| READING 3 scrolls of teleportation.
  7182 | D:6      | Noticed a rust devil
  7182 | D:6      | Noticed a rust devil
  7182 | D:6      | Found the +2 Maxwell's thermic engine {flame, freeze}
  7184 | D:6      | 7184 ||| INVOKING Berserk.
  7210 | D:6      | HP: 26/118 [rust devil (9)]
  7214 | D:6      | 7214 ||| READING 2 scrolls of teleportation.
  7214 | D:6      | HP: 9/79 [rust devil (8)]
  7214 | D:6      | Slain by a rust devil

Levels and vault maps discovered:
D:1:      dpeg_arrival_ternary, layout_basic
D:2:      layout_rooms
D:3:      layout_rooms, ashenzari_conservatory_becter,
          mainiacjoe_overflow_alcove_2, nicolae_sif_muna_condensation,
          hellmonk_ecumenical_altar_leap_of_faith,
          nicolae_kite_square_tiling_tiny, interstate_on_off, uniq_terence,
          uniq_robin
D:4:      layout_basic, fedhas_altar_1, minmay_splitting_lines,
          kennysheep_diamond, uniq_pargi
D:5:      layout_cave_pools, minmay_temple_entry_waves, dreamdust_wishing_well,
          due_unseen_surprise, uniq_eustachio, uniq_prince_ribbit1, uniq_ijyb,
          uniq_duvessa
D:6:      cheibrodos_iron_armory, layout_rooms,
          chequers_temple_overflow_statue_of_worship,
          nicolae_overflow_crystal_walls, chequers_serial_rivers_room_b,
          ldierk_geyser, nicolae_figureground_sparkle
D:7:      layout_rooms, mainiacjoe_overflow_paths, serial_shops,
          nicolae_shop_competitors_out_of_business, st_stairs_10,
          chequers_serial_rivers_marsh, uniq_crazy_yiuf_cottage

Skill      XL: |  1  2  3  4  5  6  7  8  9 |
---------------+----------------------------+-----
Axes           | 4 5 6 8 9 10 12 13 | 13.1
Throwing       | 1 2 |  2.0
Fighting       | 4 5 7 |  7.0
Armour         | 3 4 5 |  5.1
Dodging        | |  2.1

Action                   |  1- 3 |  4- 6 |  7- 9 || total
-------------------------+-------+-------+-------++-------
Melee: Hand axe          |    58 |   124 |    24 ||   206
       Headbutt          |    11 |    17 |    32 ||    60
       War axe           |       |       |   158 ||   158
       Punch             |       |       |     2 ||     2
Throw: Javelin           |    42 |     2 |    18 ||    62
       Boomerang         |       |       |     1 ||     1
Invok: Berserk           |     1 |     6 |     7 ||    14
  Use: Scroll            |     6 |     6 |    13 ||    25
       Potion            |     2 |       |       ||     2
Armor: Animal skin       |     5 |       |       ||     5
       Ring mail         |     4 |    38 |       ||    42
       Chain mail        |       |       |    77 ||    77
Dodge: Dodged            |    25 |    36 |    66 ||   127

Table legend:
 A = Non-vault XP
 B = Vault XP
 C = Vault XP percentage of total XP
 D = Non-vault monster count
 E = Vault monster count
 F = Vault count percentage of total count
                 A         B        C        D         E       F
            +---------+---------+-------+---------+---------+-------
      Total |    2294 |    1305 |  36.3 |     125 |      26 |  17.2
            +---------+---------+-------+---------+---------+-------
        D:1 |      27 |       0 |   0.0 |      17 |       0 |   0.0
        D:2 |      64 |       0 |   0.0 |      24 |       0 |   0.0
        D:3 |      93 |      71 |  43.3 |      24 |      12 |  33.3
        D:4 |     296 |     142 |  32.4 |      17 |       4 |  19.0
        D:5 |     491 |     679 |  58.0 |      17 |       5 |  22.7
        D:6 |     824 |     259 |  23.9 |      18 |       2 |  10.0
        D:7 |     499 |     154 |  23.6 |       8 |       3 |  27.3
            +---------+---------+-------+---------+---------+-------
